 Dungeon Crawl Stone Soup version 0.29-a0-25-g7f48f510a0 (webtiles) character file.

Game seed: 7485593139716072111

2583 esteth the Spear-Bearer (level 9, -5/69 HPs)
             Began as a Merfolk Gladiator on Jan 31, 2022.
             Was a Priest of Okawaru.
             Slain by a wolf (7 damage)
             ... led by Grum
             ... on level 7 of the Dungeon.
             The game lasted 00:12:20 (7015 turns).

esteth the Spear-Bearer (Merfolk Gladiator)         Turns: 7015, Time: 00:12:20

Health: -5/69      AC: 12    Str: 14    XL:     9   Next: 58%
Magic:  9/9        EV: 14    Int: 12    God:    Okawaru [***...]
Gold:   253        SH:  0    Dex: 15    Spells: 8/8 levels left

rFire   . . .      SeeInvis +   a - +0 trident
rCold   + . .      Faith    .   (no shield)
rNeg    . . .      Spirit   .   w - +2 ring mail {rC+}
rPois   .          Reflect  .   c - +0 helmet
rElec   .          Harm     .   (no cloak)
rCorr   .          Rampage  .   (no gloves)
Will    .....                   q - +2 pair of boots
Stlth   +.........              (no amulet)
HPRegen 0.21/turn               j - ring of see invisible
MPRegen 0.11/turn               (no ring)

@: weak-willed, attractive, hasted, very quick
A: (nimble swimmer 2), mertail
a: Renounce Religion, Heroism


You were on level 7 of the Dungeon.
You worshipped Okawaru.
Okawaru was most pleased with you.
You visited 1 branch of the dungeon, and saw 8 of its levels.

You collected 253 gold pieces.

Inventory:

Hand Weapons
 a - a +0 trident (weapon)
Missiles
 d - 3 throwing nets (quivered)
Armour
 b - a +0 leather armour
 c - a +0 helmet (worn)
 q - a +2 pair of boots (worn)
 w - a +2 ring mail of cold resistance (worn)
Jewellery
 j - a ring of see invisible (left hand)
 l - a ring of fire
 B - a ring of protection from cold
Wands
 v - a wand of flame (17)
 z - a wand of acid (10)
 C - a wand of paralysis (13)
Scrolls
 f - 2 scrolls of vulnerability
 h - 6 scrolls of identify {unknown}
 p - 2 scrolls of magic mapping {unknown}
 r - 2 scrolls of blinking {unknown}
 u - a scroll of fear {unknown}
 x - a scroll of silence {unknown}
 y - 2 scrolls of teleportation {unknown}
 A - a scroll of enchant armour {unknown}
Potions
 e - 2 potions of haste
 i - a potion of attraction
 k - a potion of degeneration {unknown}
 m - 2 potions of resistance {unknown}
 n - 2 potions of curing {unknown}
 o - 2 potions of lignification {unknown}
 s - a potion of mutation {unknown}
 t - a potion of brilliance {unknown}
 D - a potion of flight {unknown}


   Skills:
 + Level 5.8 Fighting
 - Level 14.0 Polearms
 - Level 2.0 Throwing
 - Level 3.3 Armour
 - Level 7.3 Dodging
 + Level 1.1 Evocations


You had 8 spell levels left.
You didn't know any spells.
Your spell library contained the following spells:

 Spells                   Type           Power      Damage    Failure   Level
 Apportation              Tloc           0%         N/A       54%         1
 Animate Skeleton         Necr           Unusable   N/A       N/A         1
 Summon Small Mammal      Summ           Unusable   N/A       N/A         1

Dungeon Overview and Level Annotations

Branches:
Dungeon (8/15)             Temple (0/1) D:4
   Lair: D:8-11

Altars:
Okawaru

Shops:
D:5 *

Annotations:
D:3 3 runed translucent doors, funkygono's ghost, amateur GrFE; ma3's ghost, amateur OpTm
D:8 Grum


Innate Abilities, Weirdness & Mutations

((You are very nimble when in or above water. (Stealth+, EV+, Speed+++)))
Your lower body shifts to a powerful aquatic tail in water.


Message History

Aim: Grum, wielding a -1 spear and wearing a +0 animal skin (severely wounded, about 30% to evade your +0 trident)
The wolf is in the way.
You closely miss the wolf.
The wolf is moderately wounded.
The howler monkey zombie closely misses you.
The wolf bites you. Grum barely misses you. The wolf closely misses you.
Reach: a) +0 trident
Press: ? - help, Dir - move target, f/p - Grum
Aim: Grum, wielding a -1 spear and wearing a +0 animal skin (severely wounded, about 30% to evade your +0 trident)
You reach to attack!
You hit Grum.
Grum is almost dead.
The wolf closely misses you. The howler monkey zombie hits you.
The wolf bites you. The wolf bites you but does no damage. The wolf bites you.
Grum misses you. The wolf barely misses you.
The howler monkey zombie misses you.
You climb upwards.
There is a stone staircase leading down here.
You are too injured to fight recklessly!
You are too injured to fight recklessly!
You barely miss the wolf. The wolf barely misses you. The wolf bites you!
* * * LOW HITPOINT WARNING * * *
You hit the wolf but do no damage. The wolf misses you. The wolf bites you!
* * * LOW HITPOINT WARNING * * *
The wolf closely misses you. The wolf bites you.
* * * LOW HITPOINT WARNING * * *
You feel yourself speed up.
The wolf bites you but does no damage. x2
The wolf bites you.
* * * LOW HITPOINT WARNING * * *
You feel much better. The wolf misses you. The wolf barely misses you.
The wolf bites you!
* * * LOW HITPOINT WARNING * * *
It was a potion of attraction.
You feel attractive to monsters. The wolf bites you but does no damage.
The wolf bites you.
* * * LOW HITPOINT WARNING * * *
You barely miss the wolf. The wolf bites you!
* * * LOW HITPOINT WARNING * * *
As you read the scroll labelled PAFYEQ PIMEUSH, it crumbles to dust.
Magic quickly surges around you.
It was a scroll of vulnerability.
The wolf bites you but does no damage. The wolf bites you!
You die...

......###........###
.......###.........##
....##..##..........#
....#..............##
...................#
...................#
....8.....##......##
..........##...h..##
..8...8........h@..#
.................###
..(.8..^..........####
.....####..##........#
...............#.....#
........#.###.##....##
.....####...##....###
......###...###...#
.....###.##.##....#


You could see 2 wolves.

Vanquished Creatures
  Pikel (D:6)
  A steam dragon (D:6)
  A water moccasin (D:7)
  Duvessa (D:7)
  3 sky beasts
  A necrophage (D:7)
  2 ogres
  A kobold brigand (D:6)
  2 bullfrogs
  2 scorpions
  A wyvern skeleton (D:6)
  Dowan (D:7)
  3 centaur zombies
  A bullfrog zombie (D:6)
  A jelly (D:4)
  4 hounds (D:4)
  2 orc priests
  A centaur skeleton (D:5)
  A gnoll shaman (D:6)
  3 iguanas
  5 orc wizards
  2 hound skeletons
  Robin (D:4)
  5 adders
  3 gnolls (D:6)
  A shadow imp (D:6)
  2 white imps
  2 adder skeletons (D:4)
  2 worms
  10 dart slugs
  16 orcs
  4 endoplasms
  3 giant cockroaches
  12 goblins
  7 hobgoblins
  13 jackals
  A quokka (D:1)
  7 ball pythons
  4 bats
  2 frilled lizards
  11 kobolds
  A rat (D:3)
147 creatures vanquished.

Vanquished Creatures (others)
  A shadow (D:7)
1 creature vanquished.

Grand Total: 148 creatures vanquished

Notes
Turn   | Place    | Note
-------+----------+-------------------------------------------
     0 | D:1      | esteth the Merfolk Gladiator began the quest for the Orb.
     0 | D:1      | Reached XP level 1. HP: 16/16 MP: 1/1
   303 | D:1      | Reached skill level 5 in Polearms
   310 | D:1      | Reached XP level 2. HP: 18/22 MP: 2/2
   761 | D:1      | Reached skill level 6 in Polearms
   761 | D:1      | Reached XP level 3. HP: 22/27 MP: 3/3
  1368 | D:2      | Reached XP level 4. HP: 29/33 MP: 4/4
  1379 | D:2      | Reached skill level 7 in Polearms
  1958 | D:3      | Found an iron altar of Okawaru.
  1978 | D:3      | Became a worshipper of Warmaster Okawaru
  1993 | D:3      | Found a runed translucent gate.
  1994 | D:3      | Found a runed translucent gate.
  1994 | D:3      | Found a runed translucent gate.
  1995 | D:3      | Noticed funkygono's ghost (amateur GrFE)
  1995 | D:3      | Noticed ma3's ghost (amateur OpTm)
  2459 | D:4      | Noticed Robin
  2470 | D:4      | Killed Robin
  2471 | D:4      | Reached skill level 8 in Polearms
  2478 | D:4      | Reached XP level 5. HP: 31/38 MP: 5/5
  2661 | D:4      | Reached skill level 9 in Polearms
  2693 | D:4      | Reached XP level 6. HP: 43/44 MP: 6/6
  2770 | D:4      | Found a staircase to the Ecumenical Temple.
  2887 | D:4      | Reached skill level 10 in Polearms
  3744 | D:5      | Entered Level 5 of the Dungeon
  3744 | D:5      | Found Pimpoa Qife's General Store.
  3754 | D:5      | Reached skill level 11 in Polearms
  3754 | D:5      | Reached XP level 7. HP: 43/50 MP: 7/7
  3828 | D:5      | Reached * piety under Okawaru
  3840 | D:5      | Reached skill level 12 in Polearms
  4248 | D:5      | Reached skill level 13 in Polearms
  4248 | D:5      | Reached XP level 8. HP: 56/56 MP: 8/8
  4972 | D:6      | Reached skill level 14 in Polearms
  5073 | D:6      | Reached ** piety under Okawaru
  5168 | D:6      | Reached skill level 1 in Armour
  5386 | D:7      | Reached skill level 5 in Dodging
  5711 | D:7      | Noticed Pikel
  5742 | D:6      | Killed Pikel
  5743 | D:6      | Reached XP level 9. HP: 50/66 MP: 9/9
  5810 | D:7      | Noticed Duvessa
  5811 | D:7      | Noticed Dowan
  5992 | D:6      | Reached *** piety under Okawaru
  5993 | D:6      | Reached skill level 5 in Fighting
  6256 | D:7      | Killed Duvessa
  6257 | D:7      | Killed Dowan
  6974 | D:8      | Reached skill level 1 in Evocations
  6978 | D:8      | Noticed Grum
  7011 | D:7      | HP: 2/69 [wolf[Grum] (5)]
  7015 | D:7      | Slain by a wolf

Illustrated notes

Levels and vault maps discovered:
D:1:      grunt_arrival_lava_bath, layout_loops_ring, hangedman_decor_points
D:2:      layout_rooms
D:3:      kennysheep_slugbush, layout_loops_ring, okawaru_metal_pillars_1_2,
          gammafunk_ghost_cemetery
D:4:      layout_loops_ring, temple_doors_e, uniq_robin
D:5:      layout_rooms, serial_shops, shop_fountains
D:6:      layout_rooms
D:7:      layout_cave_pools, nicolae_ossuary_entry_monument, uniq_duvessa,
          uniq_pikel
D:8:      layout_basic, minmay_misc_feat_chi, uniq_grum

Skill      XL: |  1  2  3  4  5  6  7  8  9 |
---------------+----------------------------+-----
Polearms       | 5 6 8 9 11 13 14 | 14.0
Armour         | 2 3 |  3.3
Fighting       | 4 5 |  5.8
Dodging        | 6 7 |  7.3
Evocations     | 1 |  1.1
Throwing       | |  2.0

Action                   |  1- 3 |  4- 6 |  7- 9 || total
-------------------------+-------+-------+-------++-------
Melee: Trident           |   113 |   230 |   398 ||   741
       Punch             |     2 |     5 |     4 ||    11
       Tailslap          |       |     1 |       ||     1
  Use: Potion            |       |       |     5 ||     5
       Scroll            |       |       |     1 ||     1
 Stab: Sleeping          |     2 |     2 |       ||     4
Armor: Leather armour    |    37 |    44 |     9 ||    90
       Ring mail         |       |       |   128 ||   128
Dodge: Dodged            |    78 |    76 |   247 ||   401

Table legend: (Time is in decaauts)
 A = Elapsed time spent in this place.
 B = Non-inter-level travel time spent in this place.
 C = Inter-level travel time spent in this place.
 D = Time resting spent in this place.
 E = Time spent auto-exploring this place.
 F = Levels seen in this place.
 G = Mean time per level.
                   A        B        C        D        E       F      G
               +--------+--------+--------+--------+--------+-----+--------+
         Total |   6805 |   6680 |    125 |   1260 |   4245 |   8 |  850.6 |
       Dungeon |   6805 |   6680 |    125 |   1260 |   4245 |   8 |  850.6 |
               +--------+--------+--------+--------+--------+-----+--------+

Top non-repeatable levels by time:
     D:6: 1369 daAuts
     D:4: 1277 daAuts
     D:1: 988 daAuts
     D:7: 895 daAuts
     D:3: 793 daAuts
     D:5: 781 daAuts
     D:2: 642 daAuts
     D:8: 58 daAuts
